 Dungeon Crawl Stone Soup version 0.19-a0-611-gb5a7e8d (webtiles) character file.

2738 HarleyM the Basher (level 9, -10/93 HPs)
             Began as an Ogre Berserker on June 12, 2016.
             Was an Elder of Trog.
             Mangled by an orc warrior
             ... wielding a +0 glaive
              (19 damage)
             ... in a bailey.
             The game lasted 00:23:55 (7078 turns).

HarleyM the Basher (Ogre Berserker)                 Turns: 7078, Time: 00:23:56

Health: -10/93     AC:  7    Str: 24    XL:     9   Next: 67%
Magic:  9/9        EV: 17    Int:  6    God:    Trog [****..]
Gold:   361        SH:  0    Dex: 12    Spells: 0 memorised, 8 levels left

rFire  . . .     SeeInvis .     m - +3 quarterstaff (chaos)
rCold  + . .     Gourm    +     w - +1 robe {rC+}
rNeg   . . .     Faith    .     (shield currently unavailable)
rPois  .         Spirit   .     (helmet restricted)
rElec  .         Dismiss  .     n - +2 cloak
rCorr  .         Reflect  .     (gloves unavailable)
SustAt .         Harm     .     (boots unavailable)
MR     .....                    v - amulet of the gourmand
Stlth  +.........               D - +2 ring of slaying
                                s - +5 ring of evasion

@: not resistant to hostile enchantments, very unstealthy
A: unfitting armour, tough skin 1
a: Berserk, Trog's Hand, Brothers in Arms, Burn Spellbooks, Renounce Religion


You were in a bailey.
You worshipped Trog.
Trog was greatly pleased with you.
You were not hungry.

You visited 1 branch of the dungeon, and saw 7 of its levels.
You also visited: Bailey.

You collected 361 gold pieces.

Inventory:

Hand Weapons
 a - a +0 mace
 d - a +0 whip
 m - a +3 quarterstaff of chaos (weapon)
 N - a cursed -2 mace
 Q - a cursed -2 flail
 S - a -1 halberd
Missiles
 M - 2 throwing nets (quivered)
Armour
 b - a +0 animal skin
 n - a +2 cloak (worn)
 w - a +1 robe of cold resistance (worn)
Jewellery
 o - an uncursed amulet of magic regeneration
 s - a +5 ring of evasion (left hand)
 u - an uncursed ring of protection from fire
 v - an amulet of the gourmand (around neck)
 z - an uncursed ring of sustain attributes
 C - an uncursed amulet of dismissal
 D - a +2 ring of slaying (right hand)
Wands
 l - a wand of slowing (18/48)
 G - a wand of digging (24/24)
 R - a wand of random effects (16/48)
Scrolls
 f - a scroll of remove curse
 i - a scroll of amnesia
 k - 2 scrolls of identify
 x - 2 scrolls of recharging
 y - a scroll of magic mapping
 A - a scroll of noise {unknown}
 B - 2 scrolls of fear {unknown}
 H - 2 scrolls of enchant weapon {unknown}
 J - a scroll of teleportation {unknown}
Potions
 e - 2 potions of cure mutation {unknown}
 g - 3 potions of heal wounds
 j - a potion of ambrosia {unknown}
 p - a potion of might {unknown}
 q - a potion of invisibility {unknown}
 r - a potion of degeneration {unknown}
 t - 2 potions of curing {unknown}
 K - a potion of haste {unknown}
 L - a potion of brilliance {unknown}
 P - 4 potions of lignification {unknown}
Comestibles
 c - 3 bread rations
 h - 2 beef jerkies
 E - a slice of pizza
 F - a meat ration
 I - 2 fruits


   Skills:
 + Level 7.6 Fighting
 - Level 13.0 Maces & Flails
 + Level 3.6 Armour
 + Level 5.1 Dodging


You had 8 spell levels left.
You didn't know any spells.

Dungeon Overview and Level Annotations

Branches:
Dungeon (7/15)             Temple (0/1) D:4

Altars:
Ashenzari
Nemelex Xobeh
Okawaru
Pakellas


Innate Abilities, Weirdness & Mutations

You are too large for most types of armour.
You have tough skin. (AC +1)


Message History

The orc warrior hits you from afar with a glaive!
The orc hits you from afar with a halberd.
The orc hits you from afar with a trident.
The orc completely misses you.
The orc warrior hits you from afar with a glaive!!
* * * LOW HITPOINT WARNING * * *
The orc misses you. The orc closely misses you.
The orc shouts!
The orc warrior completely misses you. The orc barely misses you.
The orc warrior hits you from afar with a glaive!
* * * LOW HITPOINT WARNING * * *
The orc completely misses you. The orc warrior barely misses you.
The orc hits you from afar with a spear!
* * * LOW HITPOINT WARNING * * *
There is a gate leading back out of this place here.
The orc warrior misses you.
The orc warrior hits you from afar with a glaive!!
You die...

#..≈≈.##
#..≈≈.∩#
##..≈≈.#
##..≈.#
$$.##.≈.#
#####o≈.#
#####oo≈.#
##≈≈≈≈≈≈≈.#
#...@.....#
##.########
##...####
####..∩##
####∩# ###


You could see an orc warrior and 2 orcs.

Vanquished Creatures
  Grinder (D:6)
  The ghost of penismuncher the Insei, an amateur OpWn (D:3)
  Sigmund (D:2)
  2 orc warriors (D:6)
  3 ice beasts (D:6)
  A black bear (D:6)
  A centaur (D:5)
  A big kobold (D:5)
  3 giant frogs
  A scorpion (D:4)
  3 wights (D:7)
  2 howler monkeys
  A giant frog zombie (D:5)
  3 crimson imps
  A jelly (D:5)
  4 hounds
  Crazy Yiuf (D:2)
  6 orc priests
  6 orc wizards
  A centaur skeleton (D:6)
  A giant frog skeleton (D:5)
  An iguana (D:6)
  2 worker ants (D:4)
  A howler monkey skeleton (D:5)
  4 gnolls
  10 adders
  2 oozes
  An adder skeleton (D:4)
  6 worms
  A dart slug (D:1)
  7 giant geckos
  20 orcs
  3 ball pythons
  9 bats
  5 giant cockroaches
  8 goblins
  A hobgoblin (shapeshifter) (D:3)
  7 hobgoblins
  6 jackals (D:5)
  2 quokkas
  4 giant newts
  A jackal skeleton (D:4)
  9 kobolds
  A quokka skeleton (D:3)
  5 rats
  2 plants (D:5)
162 creatures vanquished.

Vanquished Creatures (collateral kills)
  A kobold (D:5)
1 creature vanquished.

Vanquished Creatures (others)
  A bush (D:5)
  A plant (D:3)
2 creatures vanquished.

Grand Total: 165 creatures vanquished

Notes
Turn   | Place    | Note
--------------------------------------------------------------
     0 | D:1      | HarleyM the Ogre Berserker began the quest for the Orb.
     0 | D:1      | Reached XP level 1. HP: 24/24 MP: 1/1
   139 | D:1      | Reached XP level 2. HP: 15/32 MP: 2/2
   486 | D:1      | Reached skill level 5 in Maces & Flails
   726 | D:1      | Reached XP level 3. HP: 36/39 MP: 3/3
   927 | D:2      | Reached skill level 6 in Maces & Flails
  1149 | D:2      | Noticed Crazy Yiuf
  1155 | D:2      | Killed Crazy Yiuf
  1155 | D:2      | Reached XP level 4. HP: 48/48 MP: 4/4
  1249 | D:2      | Reached ** piety under Trog
  1249 | D:2      | Reached skill level 7 in Maces & Flails
  1567 | D:2      | Reached XP level 5. HP: 37/54 MP: 5/5
  2088 | D:2      | Noticed Sigmund
  2100 | D:2      | Killed Sigmund
  2100 | D:2      | Reached skill level 9 in Maces & Flails
  2100 | D:2      | Reached XP level 6. HP: 62/62 MP: 6/6
  2750 | D:3      | Noticed penismuncher's ghost (amateur OpWn)
  2760 | D:3      | Killed penismuncher's ghost
  2760 | D:3      | Reached skill level 10 in Maces & Flails
  2760 | D:3      | Reached XP level 7. HP: 70/70 MP: 7/7
  3163 | D:4      | Found an oddly glowing altar of Pakellas.
  3166 | D:4      | Found a sparkling altar of Nemelex Xobeh.
  3511 | D:4      | Reached *** piety under Trog
  3513 | D:4      | Reached skill level 11 in Maces & Flails
  3593 | D:4      | Found a staircase to the Ecumenical Temple.
  3905 | D:4      | Found an iron altar of Okawaru.
  3981 | D:5      | Entered Level 5 of the Dungeon
  4154 | D:5      | Reached XP level 8. HP: 75/78 MP: 8/8
  4259 | D:5      | Reached skill level 12 in Maces & Flails
  5125 | D:6      | Reached skill level 13 in Maces & Flails
  5152 | D:6      | Reached **** piety under Trog
  5225 | D:6      | Noticed Grinder
  5241 | D:6      | Paralysed by Grinder for 3 turns
  5244 | D:6      | Killed Grinder
  5244 | D:6      | Reached skill level 5 in Fighting
  5244 | D:6      | Reached skill level 1 in Armour
  5388 | D:6      | Found a shattered altar of Ashenzari.
  5478 | D:6      | Reached XP level 9. HP: 81/88 MP: 9/9
  6905 | D:7      | Reached skill level 5 in Dodging
  6965 | D:7      | Found a flagged portal.
  7017 | Bailey   | Entered a bailey
  7078 | Bailey   | Mangled by an orc warrior

Vault maps used:
D:1:      minmay_arrival_cross
D:2:      minmay_door_path, uniq_sigmund, uniq_crazy_yiuf_cottage
D:3:      serial_bayou, serial_bayou_lagoon_a, serial_bayou_lake_a,
          serial_bayou_pond_c, serial_bayou_shore_b, serial_bayou_pond_a
D:4:      nicolae_overflow_hidden_temple, minmay_temple_entry_junction2,
          first_bread
D:5:      lexackson_kobold_supper
D:6:      nicolae_ashenzari_panopticon, uniq_grinder
D:7:      enter_bailey_2, nicolae_water_bricks, grunt_ogre_cave
Bailey:   bailey_polearm_1, bailey

Skill      XL: |  1  2  3  4  5  6  7  8  9 |
---------------+----------------------------+-----
Maces & Flails | 5 6 7 9 10 11 13 | 13.0
Fighting       | 5 7 |  7.6
Armour         | 2 3 |  3.6
Dodging        | 3 5 |  5.1

Action                   |  1- 3 |  4- 6 |  7- 9 || total
-------------------------+-------+-------+-------++-------
Melee: Mace              |    73 |       |       ||    73
       Quarterstaff      |       |    95 |   340 ||   435
Invok: Berserk           |     2 |     3 |     2 ||     7
  Use: Scroll            |       |       |     7 ||     7
 Stab: Sleeping          |     1 |       |     1 ||     2
       Distracted        |       |       |     1 ||     1
       Paralysed         |       |       |     1 ||     1
  Eat: Chunk             |     1 |     9 |    22 ||    32
Armor: Animal skin       |    20 |    19 |       ||    39
       Robe              |       |     9 |    61 ||    70
Dodge: Dodged            |    43 |    57 |   219 ||   319
